 Dungeon Crawl Stone Soup version 0.24-a0-208-g17bec22d17 (webtiles) character file.

Game seed: 13470251253035377858

16 Redear the Vexing (level 2, 0/12 HPs)
             Began as a Felid Enchanter on Mar 29, 2019.
             Slain by a bat (1 damage)
             ... on level 1 of the Dungeon.
             The game lasted 00:02:39 (1067 turns).

Redear the Vexing (Felid Enchanter)                 Turns: 1067, Time: 00:02:40

Health: 0/12       AC:  1    Str:  4    XL:     2   Next: 41%
Magic:  4/6        EV: 18    Int: 16    God:
Gold:   105        SH:  0    Dex: 16    Spells: 2/5 levels left
                                        Lives:  0   Deaths: 0

rFire    + . .     SeeInvis +     - Unarmed
rCold    x . .     Gourm    .   (shield unavailable)
rNeg     . . .     Faith    .   (armour unavailable)
rPois    .         Spirit   .   (helmet unavailable)
rElec    .         Reflect  .   (cloak unavailable)
rCorr    .         Harm     .   (gloves unavailable)
MR       .....                  (boots unavailable)
Stlth    ++........             (no amulet)
HPRegen  0.04/turn              a - ring of attention (curse)
MPRegen  0.10/turn              d - ring of fire (curse) {rF+, rC-}

@: quick
A: very small, no armour, no weapons or thrown items, stealth, claws 1, fangs 3,
see invisible, carnivore, speed 1, shaggy fur 1, slow metabolism 1, sharp paws
a: no special abilities


You were on level 1 of the Dungeon.
You were not hungry.

You visited 1 branch of the dungeon, and saw 1 of its levels.

You collected 105 gold pieces.

Inventory:

Jewellery
 a - a cursed ring of attention (left paw)
 d - a cursed ring of fire (right paw) {rF+, rC-}
Scrolls
 c - 2 scrolls of identify {unknown}
 e - a scroll of amnesia {unknown}
 g - a scroll of remove curse {unknown}
Potions
 f - a potion of agility {unknown}
 h - a potion of might {unknown}
Comestibles
 b - 2 rations


   Skills:
 + Level 0.8 Fighting
 + Level 3.1 Dodging
 + Level 4.3 Stealth
 + Level 1.4 Unarmed Combat
 - Level 2.0 Spellcasting
 - Level 4.4 Hexes


You had 2 spell levels left.
You knew the following spells:

 Your Spells              Type           Power        Failure   Level  Hunger
a - Ensorcelled Hibernat  Hex/Ice        #.....       13%         2    ###....
v - Corona                Hex            ###....      3%          1    #......

Your spell library contained the following spells:

 Spells                   Type           Power        Failure   Level  Hunger
 Confuse                  Hex            ###.....     11%         3    ###....
 Tukima's Dance           Hex            ###.....     11%         3    ###....
 Dazzling Spray           Conj/Hex       #.....       26%         3    ###....


Dungeon Overview and Level Annotations

Branches:
Dungeon (1/15)

Altars:


Innate Abilities, Weirdness & Mutations

You cannot wear armour.
You are incapable of wielding weapons or throwing items.
Your paws allow you to move quietly. (Stealth)
You have sharp claws.
You have razor-sharp teeth.
You have supernaturally acute eyesight. (SInv)
You are carnivorous and can eat meat at any time.
You cover ground quickly.
You are covered in fur. (AC +1)
You have a slow metabolism.
Your sharp claws are effective at attacking unaware monsters.


Message History

* * * LOW HITPOINT WARNING * * *
You take 1 damage, and have 2/12 hp.
You scratch the bat but do no damage. The bat completely misses you.
You barely miss the bat. The bat hits you but does no damage.
The bat barely misses you.
You scratch the bat but do no damage. The bat misses you.
You scratch the bat but do no damage. The bat misses you.
The bat completely misses you.
You scratch the bat. The bat hits you.
* * * LOW HITPOINT WARNING * * *
The bat closely misses you.
You take 1 damage, and have 1/12 hp.
You scratch the bat but do no damage. The bat barely misses you. x2
You scratch the bat.
You kill the bat!
The bat misses you.
Unknown command.
Aim: a bat (chance to defeat MR: 69%)
The bat is outlined in light.
The bat hits you.
You die...

### ### ###.###.#
..(..##.# #####
.....##.# #...
..#..##.######.###
..#..##..........#
..#..##.######.#@#
.....##.# #.#b#
..#.###.### #.#.#
..........# #.#.#
##...##.#.#
#.#.#######
........#.#
#.#........
##...##.#.#
#.#..######
......#.#.# ...#
###.#.#.#.# .....


You could see a bat.

Levels and vault maps discovered:
D:1:      sevenhm_arrival_forest_fort_small_3, layout_basic,
          minmay_close_crescents

Notes
Turn   | Place    | Note
-------+----------+-------------------------------------------
     0 | D:1      | Redear the Felid Enchanter began the quest for the Orb.
     0 | D:1      | Reached XP level 1. HP: 7/7 MP: 4/4
    88 | D:1      | Identified a +0 club
   110 | D:1      | Identified a ring of attention (You found it on level 1 of
                  | the Dungeon)
   145 | D:1      | HP: 1/7 [hobgoblin (1)]
   479 | D:1      | Identified a +0 club
   495 | D:1      | Reached skill level 3 in Dodging
   511 | D:1      | Reached XP level 2. HP: 7/12 MP: 4/6
   585 | D:1      | Identified a +0 club
   586 | D:1      | Identified a ring of fire (You found it on level 1 of the
                  | Dungeon)
   591 | D:1      | Identified a +0 club
   603 | D:1      | HP: 3/12 [hobgoblin/+0 club (2)]
   614 | D:1      | HP: 1/12 [goblin/+0 club (2)]
   914 | D:1      | Learned a level 2 spell: Ensorcelled Hibernation
   937 | D:1      | Identified a +0 club
   945 | D:1      | HP: 2/12 [hobgoblin/+0 club (6)]
   970 | D:1      | HP: 1/12 [giant cockroach (2)]
  1053 | D:1      | HP: 3/12 [bat (1)]
  1059 | D:1      | HP: 2/12 [bat (1)]
  1064 | D:1      | HP: 1/12 [bat (1)]
  1067 | D:1      | Slain by a bat

Table legend:
 A = Turns spent in this place as a percentage of turns spent in the entire game.
 B = Non-inter-level travel turns spent in this place as a percentage of non-inter-level travel turns spent in the entire game.
 C = Inter-level travel turns spent in this place as a percentage of turns spent in this place.
 D = Turns resting spent in this place as a percentage of non-inter-level travel turns spent in this place.
 E = Turns spent auto-exploring this place as a percentage of non-inter-level travel turns spent in this place.
 F = Non-inter-level travel turns spent in this place divided by the number of levels of this place that you've seen.
                   A       B       C       D       E      F
               +-------+-------+-------+-------+-------+----------------------
         Total | 100.0 | 100.0 |   0.0 |  42.4 |  35.6 | 1067.0
       Dungeon | 100.0 | 100.0 |   0.0 |  42.4 |  35.6 | 1067.0
               +-------+-------+-------+-------+-------+----------------------

Table legend:
 A = Kills in this place as a percentage of kills in entire the game.
 B = Kills by you in this place as a percentage of kills by you in the entire game.
 C = Kills by friends in this place as a percentage of kills by friends in the entire game.
 D = Other kills in this place as a percentage of other kills in the entire game.
 E = Experience gained in this place as a percentage of experience gained in the entire game.
 F = Experience gained in this place divided by the number of levels of this place that you have seen.
                   A       B       C       D       E      F
               +-------+-------+-------+-------+-------+----------------------
         Total | 100.0 | 100.0 |   N/A |   N/A | 100.0 |  24.0
       Dungeon | 100.0 | 100.0 |   N/A |   N/A | 100.0 |  24.0
               +-------+-------+-------+-------+-------+----------------------

Skill      XL: |  1 |
---------------+----+-----
Dodging        | 3 |  3.1
Fighting       | |  0.8
Stealth        | |  4.3
Unarmed Combat | |  1.4
Spellcasting   | |  2.0
Hexes          | |  4.4

Action                   || total
-------------------------++-------
Melee: Unarmed           ||    64
       Bite              ||     2
 Cast: Corona            ||    11
 Stab: Sleeping          ||     1
  Eat: Chunk             ||     2
Armor: Skin              ||    11
Dodge: Dodged            ||    69

Vanquished Creatures
  4 bats (D:1)
  2 giant cockroaches (D:1)
  A goblin (D:1)
  4 hobgoblins (D:1)
  A frilled lizard (D:1)
  2 kobolds (D:1)
  A rat (D:1)
15 creatures vanquished.
